AoeStats
← Mauser5339

Arabia

506901130Analyzed
1v1 RM · 17d ago on Sep 15, 2026· 38m 48s· 2 players
Game mode
Random Map
Map size
Tiny (2 player)
Population
200
Speed
Normal
Resources
Standard
Victory
Conquest
Starting age
Dark Age
Ending age
Imperial Age
RankedLock teamsTeams togetherTeam positionsShared explorationLock speedFull tech treeHidden civsTurbo modeCheats
Victory
Defeat
🇦🇷 Bulgarians · Argentina
1143
+16
🇩🇪 Byzantines · Germany
1143
-16
Mauser5339
7:37 Loom
9:48 Feudal Age
12:19 Double-Bit Axe
17:38 Castle Age
16:20 Horse Collar
16:32 Gold Mining
17:40 Bloodlines
21:32 Forging
24:08 Town Watch
26:35 Bow Saw
28:15 Iron Casting
30:10 Scale Barding Armor
31:21 Chain Barding Armor
31:39 Wheelbarrow
32:17 Town Patrol
32:58 Hand Cart
36:34 Imperial Age
34:58 Fletching
37:07 Bodkin Arrow
36:45 Elite Konnik
37:49 Cavalier
38:33 Husbandry
38:49 Heavy Plow
39:50 Blast Furnace
ihate
10:14 Feudal Age
8:31 Loom
12:57 Double-Bit Axe
19:22 Castle Age
20:26 Pikeman
21:07 Scale Mail Armor
22:09 Forging
28:05 Fletching
31:35 Imperial Age
30:18 Scale Barding Armor
37:03 Conscription
39:11 Chain Barding Armor
Connection lost

Rejoining the realm…

Still unreachable

The connection could not be restored.

Session expired

The server has moved on; the page needs a fresh start.